 Dungeon Crawl Stone Soup version 0.31-a0-640-g39d97e502b (webtiles) character file.

Game seed: 9441622479186277251

102061 GordonOverkill the Eclecticist (level 16, 0/88 HPs)
             Began as a Vine Stalker Delver on Aug 28, 2023.
             Was a High Priest of Vehumet.
             Slain by an orc knight
             ... wielding a +3 great sword
              (15 damage)
             ... on level 1 of the Orcish Mines.
             The game lasted 01:16:05 (34351 turns).

GordonOverkill the Eclecticist (VSDe)              Turns: 34351, Time: 01:16:06

Health: 0/88       AC: 25    Str: 15    XL:     16   Next: 32%
Magic:  0/37       EV: 14    Int: 27    God:    Vehumet [*****.]
Gold:   459        SH:  0    Dex: 18    Spells: 23/47 levels left

rFire   + + +        a - +3 dagger (venom)
rCold   . . .        (no shield)
rNeg    + . .        A - +2 robe {Will+}
rPois   .            u - +4 hat of Surprise {rElec}
rElec   +            o - +1 cloak of Hihiupni {Will+ Int+2 Stlth+}
rCorr   .            K - +0 pair of gloves "Jiufeutt" {rF+ rN+}
SInv    .            t - +3 pair of seven-league boots {Rampage+∞}
Will    ++++.        k - amulet of faith
Stlth   ++++         V - ring "Fajimm" {rF++ Int+3 Slay+4}
HPRegen 1.14/turn    Q - +6 ring of intelligence
MPRegen 0.25/turn

%: guardian spirit, rampage+∞, faith
@: ice-armoured, invisible
A: fangs 3, regeneration 1, magic shield, antimagic bite, no potion heal 2
a: Renounce Religion


You were on level 1 of the Orcish Mines.
You worshipped Vehumet.
Vehumet was extremely pleased with you.
You visited 4 branches of the dungeon, and saw 23 of its levels.
You also visited: Trove and Ice Cave.

You collected 1967 gold pieces.
You spent 1508 gold pieces at shops.

Inventory:

Hand Weapons
 a - a +3 dagger of venom (weapon)
 b - a +1 short sword of electrocution
 h - a +0 spear
Missiles
 m - 4 javelins (quivered)
Armour
 o - the +1 cloak of Hihiupni (worn) {Will+ Int+2 Stlth+}
   (You found it in a treasure trove)

   Int+2:     It affects your intelligence (+2).
   Will+:     It increases your willpower.
   Stlth+:    It makes you more stealthy.
 t - the +3 pair of seven-league boots (worn) {Rampage+∞}
   (You acquired it on level 13 of the Dungeon)

   Rampage+∞: When moving toward enemies, its wearer moves as far as possible,
   alerting their target en route.
 u - the +4 hat of Surprise (worn) {rElec}
   (You found it in a treasure trove)

   rElec:     It insulates you from electricity.
 w - a +2 leather armour of poison resistance
 A - a +2 robe of willpower (worn)
 D - an orb of energy
 K - the +0 pair of gloves "Jiufeutt" (worn) {rF+ rN+}
   (You found it in a treasure trove)

   rF+:       It protects you from fire.
   rN+:       It protects you from negative energy.
Jewellery
 e - an amulet of regeneration
 k - an amulet of faith (around neck)
 y - a ring of willpower
 F - a ring of flight
 P - a ring of protection from cold
 Q - a +6 ring of intelligence (right hand)
 V - the ring "Fajimm" (left hand) {rF++ Int+3 Slay+4}
   (You bought it in a shop on level 4 of the Dungeon)

   [ring of slaying]

   Int+3:     It affects your intelligence (+3).
   Slay+4:    It affects your accuracy & damage with ranged weapons and melee
   (+4).
   rF++:      It greatly protects you from fire.
Wands
 g - a wand of digging (2)
 r - a wand of iceblast (5)
 B - a wand of mindburst (4)
 C - a wand of charming (3)
 E - a wand of flame (23)
 M - a wand of quicksilver (9)
 N - a wand of polymorph (3)
Scrolls
 c - 3 scrolls of fog
 d - 5 scrolls of revelation
 l - 4 scrolls of identify
 p - 5 scrolls of vulnerability
 s - 2 scrolls of immolation
 x - 12 scrolls of teleportation
 J - 5 scrolls of poison
 O - 2 scrolls of enchant weapon
 T - a scroll of acquirement
 U - a scroll of enchant armour {unknown}
Potions
 f - 6 potions of haste
 i - 5 potions of enlightenment
 j - 4 potions of brilliance
 n - 6 potions of curing
 q - 7 potions of mutation
 v - 3 potions of berserk rage
 H - 7 potions of attraction
 I - a potion of lignification
 R - 3 potions of invisibility


   Skills:
 + Level 11.4 Fighting
 - Level 3.0 Short Blades
 - Level 1.9 Polearms
 - Level 1.0 Throwing
 - Level 5.0 Dodging
 - Level 6.0 Stealth
 + Level 16.3 Spellcasting
 + Level 7.8 Conjurations
 - Level 10.0 Fire Magic
 - Level 10.0 Ice Magic
 + Level 7.9 Air Magic
 + Level 7.8 Earth Magic
 - Level 4.0 Evocations


You had 23 spell levels left.
You knew the following spells:

 Your Spells              Type           Power      Damage    Failure   Level
a - Fireball              Conj/Fire      31%        3d13      1%          5
b - Sticky Flame          Conj/Fire      63%        2d8       1%          4
c - Lee's Rapid Deconstr  Erth           29%        3d15*     1%          5
d - Passwall              Tmut/Erth      35%        N/A       1%          2
e - Freezing Cloud        Conj/Ice/Air   31%        6-21      1%          5
f - Ozocubu's Armour      Ice            66%        N/A       1%          3

Your spell library contained the following spells:

 Spells                   Type           Power      Damage    Failure   Level
 Leda's Unmaking          Conj/Erth      29%        9d5       4%          6
 Freeze                   Ice            100%       1d10      1%          1
 Magic Dart               Conj           100%       1d8       1%          1
 Cigotuvi's Dreadful Rot  Necr/Pois/Air  72%        N/A       1%          2
 Searing Ray              Conj           100%       2d8       1%          2
 Hailstorm                Conj/Ice       63%        3d13      1%          3
 Ignite Poison            Fire/Tmut/Pois 40%        N/A       1%          3
 Inner Flame              Hex/Fire       49%        N/A       1%          3
 Mephitic Cloud           Conj/Pois/Air  50%        N/A       1%          3
 Volatile Blastmotes      Fire/Tloc      98%        2d18      1%          3
 Flame Wave               Conj/Fire      63%        2d15      1%          4
 Fulminant Prism          Conj/Hex       21%        3d12      1%          4
 Iskenderun's Mystic Bla  Conj/Tloc      43%        2d10      1%          4
 Slow                     Hex            88%        N/A       2%          1
 Call Imp                 Summ           44%        N/A       3%          2
 Lesser Beckoning         Tloc           44%        N/A       3%          2
 Confusing Touch          Hex            22%        N/A       7%          3
 Gell's Gravitas          Tloc           22%        N/A       7%          3
 Teleport Other           Tloc           22%        N/A       7%          3
 Tukima's Dance           Hex            22%        N/A       7%          3
 Vampiric Draining        Necr           22%        2d7       7%          3
 Metabolic Englaciation   Hex/Ice        24%        N/A       8%          5
 Yara's Violent Unravell  Hex/Tmut       11%        3d6       16%         5
 Passage of Golubria      Tloc           22%        N/A       22%         4
 Simulacrum               Ice/Necr       24%        N/A       41%         6
 Summon Forest            Summ/Tloc      11%        N/A       52%         5
 Summon Mana Viper        Hex/Summ       22%        N/A       52%         5
 Summon Cactus Giant      Summ           11%        N/A       98%         6


Dungeon Overview and Level Annotations

Branches:
Dungeon (15/15)            Temple (1/1) D:6            Lair (5/5) D:8
  Swamp (0/4) Lair:3       Spider (0/4) Lair:3        Slime (0/5) Lair:4
    Orc (2/2) D:10         Vaults (0/5) D:13         Depths (0/4) D:15
  IceCv (visited)
    Elf: Orc:2

Altars:
Ashenzari
Cheibriados
Dithmenos
Elyvilon
Fedhas
Gozag
Hepliaklqana
Kikubaaqudgha
Makhleb
Nemelex Xobeh
Okawaru
Qazlal
Ru
Sif Muna
Trog
Uskayaw
Vehumet
Wu Jian
Xom
Yredelemnul
Zin
The Shining One

Shops:
D:3 !   D:4 =   D:6 *   D:12 *

Annotations:
D:8 2 transporters, lis82's ghost, novice DgAE
D:11 1 runed translucent door, blacky4's ghost, journeyman SpEn
Lair:5 2 transporters, slizer6's ghost, journeyman MiBe
Orc:2 Saint Roka


Innate Abilities, Weirdness & Mutations

You have razor-sharp teeth.
Your natural rate of healing is unusually fast.
When hurt, damage is shared between your health and your magic reserves.
Your bite disrupts and absorbs the magic of your enemies.
Potions cannot restore your health.


Message History

The orc closely misses you.
The orc knight hits you with a +3 great sword!!
The orc priest invokes the aid of Beogh against you.
The orc warrior shoots an arrow.
The arrow misses you.
An orc wizard comes into view. It is wielding a +0 dagger.
There is a stone staircase leading up, spattered with blood here.
You hit the orc.
The orc is poisoned.
You bite the orc.
You kill the orc!
Vehumet accepts your kill.
You feel your power returning.
The orc wizard shouts!
Saint Roka mumbles some strange prayers to Beogh against you.
Beogh smites you!
The orc warrior shoots an arrow.
The arrow hits you!
The orc knight hits you with a +3 great sword.
* * * LOW HITPOINT WARNING * * *
Saint Roka roars a battlecry!
The orcs go into a battle-frenzy!
The orc warrior shoots an arrow.
The arrow misses you.
You climb upwards.
There is a stone staircase leading down here.
Casting: Ozocubu's Armour (safe; 1% risk of failure)
Confirm with . or Enter, or press ? or * to list all spells.
Aiming: Sticky Flame (safe; 1% risk of failure)
Press: ? - help, Shift-Dir - straight line, f - orc knight
Aim: an orc knight, wielding a +3 great sword and wearing a +0 chain mail (strong, unable to see you)
The sticky flame hits the orc knight but does no damage.
The orc knight is covered in liquid flames!
The orc knight burns!
The orc knight hits you with a +3 great sword!!
* * * LOW HITPOINT WARNING * * *
Casting: Sticky Flame (safe; 1% risk of failure)
Confirm with . or Enter, or press ? or * to list all spells.
A film of ice covers your body!
The orc knight burns!
The orc knight hits you with a +3 great sword!!
* * * LOW HITPOINT WARNING * * *
As you read the scroll of fear, it crumbles to dust.
You assume a fearsome visage.
The orc knight easily resists.
The orc knight burns!
The orc knight hits you with a +3 great sword!!
You die...

##.........#......#..#####
###.##.#.............#..##
#####...........##.#....#
##.................#<....###
#..................[[[..##.##
##.....##.......).[[........#
####..#.#.....)#..........##
##....[[.....#..........##
#.......[...@..........##
##.###.......o.........#
####.................###
##..............#....##
#........^............#
##...................##
#................#.###
##.##...............#
###...............##


You could see an orc knight (strong, unable to see you, burning).

Vanquished Creatures
  Donald (Orc:2)
  A balrug (Orc:1)
  A caustic shrike zombie (D:15)
  Fannar (Lair:3)
  5 vault guards (D:13)
  10 hydras
  2 catoblepae
  A merfolk avatar (Lair:5)
  3 boulder beetles
  3 centaur warriors
  A sphinx skeleton (D:15)
  6 two-headed ogres
  A titan zombie (D:15)
  11 death yaks
  A vampire mage (D:15)
  A tengu warrior (D:15)
  Sonja (D:13)
  4 skysharks (Lair:5)
  7 skeletal warriors
  A sea snake (Lair:5)
  2 wizards (D:13)
  4 oklob plants
  2 necromancers
  2 orc knights
  A deep elf pyromancer (D:11)
  14 ugly things
  4 cyclopes
  A manticore (D:15)
  5 black mambas
  12 elephants
  An ice statue (IceCv)
  Joseph (D:8)
  Maggie (D:6)
  Jeremiah (D:8)
  4 gargoyles
  15 cane toads
  Psyche (D:7)
  2 unseen horrors
  2 rime drakes
  2 freezing wraiths
  A kobold demonologist (D:12)
  An anaconda simulacrum (IceCv)
  17 ice devils (IceCv)
  10 komodo dragons
  A yaktaur (D:13)
  9 meliai
  4 polar bears
  2 wind drakes (Lair:5)
  10 trolls
  A hornet (D:14)
  A snapping turtle (Lair:5)
  12 blink frogs
  6 slime creatures (D:13)
  An ettin zombie (D:15)
  6 wyverns
  4 wraiths
  52 yaks
  3 dire elephant simulacra (IceCv)
  A basilisk (D:11)
  12 vampire mosquitoes
  Menkaure (D:6)
  6 death yak simulacra (IceCv)
  5 wargs
  3 acid dragons
  A hydra simulacrum (IceCv)
  12 water moccasins
  20 orc warriors
  11 black bears
  4 ogres
  4 boggarts (D:15)
  8 wolves
  A phantom (D:7)
  5 centaurs
  Blork the orc (D:4)
  4 kobold brigands
  10 bullfrogs
  A two-headed ogre simulacrum (IceCv)
  3 scorpions
  A cane toad simulacrum (IceCv)
  20 wights
  4 elephant simulacra (IceCv)
  A hound (D:7)
  A jelly (D:6)
  10 orc priests
  5 hell rats (Lair:5)
  4 iguanas (D:5)
  16 orc wizards
  6 polar bear simulacra (IceCv)
  A spriggan simulacrum (IceCv)
  A troll simulacrum (IceCv)
  3 wolf simulacra (IceCv)
  3 gnolls
  7 adders
  2 white imps (IceCv)
  3 ufetubi
  2 dart slugs
  49 orcs
  7 endoplasms
  9 giant cockroaches
  8 goblins
  9 hobgoblins
  9 jackals
  28 kobolds
  6 quokkas
  10 ball pythons
  6 bats
  5 frilled lizards
  8 rats
637 creatures vanquished.

Vanquished Creatures (collateral kills)
  A centaur warrior (D:13)
  A centaur (D:13)
2 creatures vanquished.

Vanquished Creatures (others)
  A centaur warrior (D:14)
1 creature vanquished.

Grand Total: 640 creatures vanquished

Notes
Turn   | Place    | Note
-------+----------+-------------------------------------------
     0 | D:5      | GordonOverkill the Vine Stalker Delver began the quest for
                  | the Orb.
     0 | D:5      | Reached XP level 1. HP: 11/11 MP: 2/2
    15 | D:6      | Found a staircase to the Ecumenical Temple.
    19 | D:6      | Noticed a scorpion
    29 | Temple   | Entered the Ecumenical Temple
    54 | Temple   | Became a worshipper of Vehumet
   131 | D:5      | Noticed an iguana
   136 | D:5      | Noticed an ogre
   192 | D:5      | Noticed an orc priest
   219 | D:4      | Reached XP level 2. HP: 4/16 MP: 1/3
   364 | D:3      | Found Paumn's Distillery.
   382 | D:3      | Reached skill level 1 in Spellcasting
   382 | D:3      | Reached XP level 3. HP: 20/20 MP: 5/5
   475 | D:3      | Reached skill level 1 in Short Blades
   923 | D:1      | Gained mutation: Your natural rate of healing is unusually
                  | fast. [Vine Stalker growth]
   923 | D:1      | Reached XP level 4. HP: 24/24 MP: 7/7
  1010 | D:1      | Reached * piety under Vehumet
  1010 | D:1      | Offered knowledge of Foxfire by Vehumet.
  1044 | D:1      | Reached skill level 2 in Spellcasting
  1835 | D:2      | Got the Vellum of Mutagenic Fascination
  2211 | D:2      | Found a faded altar of an unknown god.
  2322 | D:3      | Found a stormy altar of Qazlal.
  2518 | D:3      | Reached XP level 5. HP: 28/28 MP: 6/9
  2661 | D:3      | Reached ** piety under Vehumet
  2697 | D:3      | Offered knowledge of Searing Ray by Vehumet.
  2702 | D:3      | Learned a level 2 spell: Searing Ray
  2744 | D:3      | Reached skill level 1 in Throwing
  3012 | D:3      | Found an ornate altar of the Wu Jian Council.
  3132 | D:4      | Reached skill level 1 in Conjurations
  3246 | D:4      | Found Nyra's Jewellery Boutique.
  3489 | D:4      | Noticed Blork the orc
  3496 | D:4      | Killed Blork the orc
  3497 | D:4      | Reached skill level 3 in Spellcasting
  3497 | D:4      | Reached XP level 6. HP: 32/32 MP: 11/11
  3648 | D:4      | Found a sacrificial altar of Ru.
  3665 | D:4      | Offered knowledge of Ignite Poison by Vehumet.
  3916 | D:5      | Reached *** piety under Vehumet
  4232 | D:5      | Reached XP level 7. HP: 35/36 MP: 3/13
  4391 | D:5      | Reached skill level 4 in Spellcasting
  4615 | D:6      | Found a glowing silver altar of Zin.
  4616 | D:6      | Noticed an angel
  4636 | D:6      | Offered knowledge of Olgreb's Toxic Radiance by Vehumet.
  4756 | D:6      | Reached skill level 5 in Spellcasting
  4772 | D:6      | Reached skill level 5 in Conjurations
  4772 | D:6      | Gained mutation: You have razor-sharp teeth. [Vine Stalker
                  | growth]
  4772 | D:6      | Reached XP level 8. HP: 40/40 MP: 16/16
  4917 | D:6      | Found Riacemm's Assorted Antiques.
  4931 | D:6      | Learned a level 4 spell: Sticky Flame
  4938 | D:6      | Bought a scroll labelled QEALYEFOEL for 28 gold pieces
  4938 | D:6      | Bought a black potion for 25 gold pieces
  4938 | D:6      | Bought a bubbling cyan potion for 25 gold pieces
  4938 | D:6      | Bought 2 bubbling red potions for 50 gold pieces
  4968 | D:6      | Reached skill level 1 in Fire Magic
  5026 | D:6      | Noticed Maggie
  5052 | D:6      | HP: 2/42 [Maggie/+1 heavy war axe (13)]
  5055 | D:6      | Killed Maggie
  5056 | D:6      | Reached skill level 6 in Spellcasting
  5571 | D:6      | Noticed Menkaure
  5586 | D:6      | Killed Menkaure
  5684 | D:7      | Reached **** piety under Vehumet
  5719 | D:7      | Reached XP level 9. HP: 44/45 MP: 20/20
  5857 | D:7      | Reached skill level 7 in Spellcasting
  5895 | D:7      | Reached skill level 5 in Fire Magic
  6066 | D:7      | Offered knowledge of Lee's Rapid Deconstruction by Vehumet.
  6600 | D:8      | Noticed Psyche
  6628 | D:7      | Killed Psyche
  6833 | D:8      | Reached skill level 5 in Fighting
  6872 | D:8      | Found a staircase to the Lair.
  6873 | D:8      | Noticed Jeremiah
  7178 | D:7      | Reached XP level 10. HP: 49/51 MP: 13/21
  7188 | D:7      | Reached skill level 1 in Evocations
  7364 | D:8      | Found a transporter.
  7365 | D:8      | Noticed Joseph
  7369 | D:8      | Noticed lis82's ghost (novice DgAE)
  7375 | D:8      | Killed Joseph
  7433 | D:8      | Found a transporter.
  7506 | D:8      | Killed Jeremiah
  7824 | D:8      | Reached skill level 8 in Spellcasting
  8063 | D:9      | Learned a level 5 spell: Lee's Rapid Deconstruction
  8089 | D:9      | Reached ***** piety under Vehumet
  8089 | D:9      | Offered knowledge of Starburst by Vehumet.
  8093 | D:9      | Reached skill level 1 in Earth Magic
  9028 | D:9      | Reached skill level 9 in Spellcasting
  9288 | D:10     | Entered Level 10 of the Dungeon
  9295 | D:10     | Found a burning altar of Makhleb.
  9389 | D:10     | Noticed a gargoyle
  9401 | D:10     | Killed a gargoyle
  9402 | D:10     | Reached XP level 11. HP: 38/56 MP: 10/25
  9556 | D:10     | Found a staircase to the Orcish Mines.
  9673 | D:10     | Reached skill level 5 in Earth Magic
  9969 | D:10     | Found a shadowy altar of Dithmenos.
  9969 | D:10     | Found an ancient bone altar of Kikubaaqudgha.
 10623 | D:10     | Reached skill level 10 in Spellcasting
 10807 | D:11     | Noticed a two-headed ogre
 10823 | D:11     | Killed a two-headed ogre
 11115 | D:11     | Noticed a two-headed ogre
 11133 | D:11     | Killed a two-headed ogre
 11137 | D:11     | Learned a level 2 spell: Passwall
 11202 | D:11     | Found a runed translucent door.
 11202 | D:11     | Noticed blacky4's ghost (journeyman SpEn)
 11337 | D:11     | Noticed a two-headed ogre
 11353 | D:11     | Killed a two-headed ogre
 11671 | D:11     | Noticed a deep elf pyromancer
 11690 | D:11     | Killed a deep elf pyromancer
 11776 | D:11     | Noticed a boulder beetle
 11896 | D:11     | Noticed a cyclops
 11901 | D:11     | Killed a cyclops
 11956 | D:11     | Reached XP level 12. HP: 34/63 MP: 10/27
 12208 | D:11     | Noticed a four-headed hydra
 12271 | D:11     | Killed a boulder beetle
 12279 | D:11     | Killed a four-headed hydra
 12280 | D:11     | Reached skill level 11 in Spellcasting
 12506 | Lair:1   | Entered Level 1 of the Lair of Beasts
 13366 | Lair:1   | Reached skill level 5 in Dodging
 13418 | Lair:1   | Noticed a catoblepas
 13431 | Lair:1   | Killed a catoblepas
 13627 | Lair:1   | Learned a level 5 spell: Freezing Cloud
 13643 | Lair:2   | Noticed a six-headed hydra
 13774 | Lair:2   | Noticed a death yak
 13774 | Lair:2   | Noticed a death yak
 13774 | Lair:2   | Noticed a death yak
 13774 | Lair:2   | Noticed a death yak
 13776 | Lair:2   | Reached skill level 1 in Ice Magic
 13776 | Lair:2   | Reached skill level 1 in Air Magic
 13794 | Lair:1   | Killed a death yak
 13840 | Lair:1   | Killed a death yak
 14080 | Lair:2   | Killed a six-headed hydra
 14094 | Lair:2   | Noticed a six-headed hydra
 14098 | Lair:2   | Killed a six-headed hydra
 14099 | Lair:2   | Reached skill level 12 in Spellcasting
 14277 | Lair:2   | Killed a death yak
 14390 | Lair:2   | Learned a level 3 spell: Ozocubu's Armour
 14467 | Lair:2   | Identified the +6 sling of Tarem {speed, Str+3 Int+2}
 14855 | Lair:2   | Noticed a four-headed hydra
 14859 | Lair:2   | Reached XP level 13. HP: 63/68 MP: 26/30
 14873 | Lair:2   | Reached skill level 5 in Ice Magic
 14945 | Lair:2   | Reached skill level 5 in Air Magic
 15638 | Lair:2   | Offered knowledge of Fireball by Vehumet.
 15700 | Lair:2   | Learned a level 5 spell: Fireball
 15830 | Lair:3   | Found a frozen archway.
 15861 | IceCv    | Entered an ice cave
 17433 | IceCv    | Found an ancient bone altar of Kikubaaqudgha.
 17889 | IceCv    | Got the Notes on the Crevasse
 18122 | Lair:3   | Noticed Fannar
 18127 | Lair:3   | Killed Fannar
 18494 | Lair:3   | Found a hole to the Spider Nest.
 18631 | Lair:3   | Found a staircase to the Swamp.
 19568 | Lair:4   | Offered knowledge of Eringya's Noxious Bog by Vehumet.
 19810 | Lair:4   | Reached XP level 14. HP: 73/73 MP: 16/31
 21667 | Lair:4   | Found a staircase to the Slime Pits.
 21851 | Lair:5   | Entered Level 5 of the Lair of Beasts
 22105 | Lair:5   | Noticed slizer6's ghost (journeyman MiBe)
 22266 | Lair:5   | Found a transporter.
 22537 | Lair:5   | Reached skill level 10 in Ice Magic
 22645 | Lair:5   | Reached skill level 10 in Fire Magic
 22766 | Lair:5   | Reached skill level 13 in Spellcasting
 22927 | Lair:5   | Reached ****** piety under Vehumet
 23332 | Lair:5   | Offered knowledge of Arcjolt by Vehumet.
 23546 | Lair:5   | Found a transporter.
 23778 | Lair:5   | Reached XP level 15. HP: 53/80 MP: 23/33
 23887 | Lair:5   | Reached skill level 10 in Fighting
 24185 | Lair:5   | Found a blossoming altar of Fedhas.
 24865 | D:12     | Reached skill level 14 in Spellcasting
 24896 | D:12     | Found Qaricre's General Store.
 26175 | D:13     | Found a portal to a secret trove of treasure.
 26280 | D:13     | Identified a scroll of acquirement
 26282 | D:13     | Acquired the +3 pair of seven-league boots {Rampage+∞}
 26282 | D:13     | Found the +3 pair of seven-league boots {Rampage+∞}
 26299 | D:13     | You paid a toll of 3 potions of resistance to enter a
                  | treasure trove
 26300 | Trove    | Entered a treasure trove
 26303 | Trove    | Found the +3 salamander hide armour {Flames, rFlCloud rF++
                  | rC--}
 26308 | Trove    | Identified the +0 robe of Fedhas's Inspiration {Contam
                  | rElec rF- Str+4}
 26309 | Trove    | Identified the +1 cloak of Hihiupni {Will+ Int+2 Stlth+}
 26341 | Trove    | Identified the +1 leather armour of Xotoomp {rC+}
 26343 | Trove    | Identified the +0 helmet "Saowytoe" {rF- Slay+2 Stlth+}
 26345 | Trove    | Identified the +4 hat of Surprise {rElec}
 26352 | Trove    | Identified the +1 pair of gloves "Wotuteif" {Will+ Regen+
                  | Int-2 Dex+5}
 26355 | Trove    | Identified the +2 cloak "Dotacyud" {Str+4}
 26357 | Trove    | Identified the orb "Leloj" {mayhem, +Blink rN++ Will-
                  | rCorr}
 26358 | Trove    | Identified the +3 pair of gloves "Bikar" {-Tele Dex+4}
 26360 | Trove    | Identified the +0 pair of gloves "Jiufeutt" {rF+ rN+}
 26653 | D:13     | Reached skill level 15 in Spellcasting
 26998 | D:13     | Noticed Sonja
 27032 | D:13     | Killed Sonja
 27148 | D:13     | Offered knowledge of Plasma Beam by Vehumet.
 27474 | D:13     | Found a gate to the Vaults.
 30198 | D:15     | Entered Level 15 of the Dungeon
 30202 | D:15     | Reached skill level 16 in Spellcasting
 30471 | D:15     | Reached XP level 16. HP: 81/87 MP: 37/37
 30741 | D:15     | Offered knowledge of Leda's Unmaking by Vehumet.
 31260 | D:15     | Found a staircase to the Depths.
 32092 | D:15     | Found a snail-covered altar of Cheibriados.
 32683 | D:4      | Bought the ring "Fajimm" {rF++ Int+3 Slay+4} for 1380 gold
                  | pieces
 32873 | Orc:1    | Entered Level 1 of the Orcish Mines
 33129 | Orc:1    | Found a runed translucent door.
 33308 | Orc:2    | Entered Level 2 of the Orcish Mines
 33308 | Orc:2    | Noticed Donald
 33348 | Orc:2    | Killed Donald
 33880 | Orc:2    | Noticed Saint Roka
 34351 | Orc:1    | Slain by an orc knight

Illustrated notes

Levels and vault maps discovered:
D:1:      dpeg_arrival_three_bigger_balls, layout_loops_ring, minivault_14
D:2:      layout_loops_cross, hellmonk_ecumenical_altar_inner_sanctum
D:3:      layout_basic, nicolae_qazlal_scattered_showers,
          pdpol_wu_jian_five_deadly_venoms, serial_shops,
          nicolae_shop_just_a_little_nook, minmay_checkerbox
D:4:      layout_cave_pods, lemuel_crystal_altar, serial_column_ruins,
          column_ruins_hut_water, column_ruins_open_tiny,
          column_ruins_columns_straight, column_ruins_grid_1,
          column_ruins_grid_1, minmay_shop_enchanted_jewellery,
          uniq_blork_the_orc
D:5:      layout_basic
D:6:      layout_basic, zin_angel, minmay_temple_entry_tees,
          gup_sewer_entry_bubbles, serial_shops,
          nicolae_shop_tiny_statue_garden, uniq_maggie, uniq_menkaure
D:7:      layout_gridville, minmay_misc_feat_x
D:8:      layout_basic, dpeg_oklobed_lair, gammafunk_ghost_arena, uniq_jeremiah,
          uniq_psyche, uniq_joseph
D:9:      layout_rooms
D:10:     layout_small_grid, bloody_makhleb, gammafunk_temple_overflow_wave,
          david_orc_1_choice
D:11:     layout_roguey, gammafunk_ghost_grave, minmay_pinched_square
D:12:     layout_layer_cave, serial_shops, shop
D:13:     nicolae_cairo_tiling_large, layout_irregular_city,
          grunt_vaults_entry_fortified, nicolae_trove_entry_diagonal,
          minmay_misc_feat_more_columns, uniq_sonja
D:14:     layout_rooms
D:15:     gammafunk_depths_entry_grave, layout_irregular_city,
          columned_hall_lemuel, kennysheep_slug_shrine
Temple:   nicolae_temple_superstar
Lair:1:   layout_concentric_octagons, beast_lair_carwin_5, serial_bayou_shore_b,
          lemuel_fruit_tree
Lair:2:   layout_cellular_growth, ldierk_geyser, infiniplex_staircase_pool_2
Lair:3:   layout_regular_city, swamp_mist_pool, spider_nest_entry_web_field,
          serial_forest, infiniplex_forest_clump_curved,
          infiniplex_forest_corner_1, infiniplex_forest_clump_curved,
          infiniplex_forest_join, infiniplex_forest_pool,
          infiniplex_forest_clump_small, infiniplex_forest_clump_medium,
          portal_ice_cave_entry_pillars_1, uniq_fannar
Lair:4:   layout_small_grid, slime_entry_1, dpeg_oklob_1
Lair:5:   gammafunk_lair_ancient_temple, layout_concentric_octagons,
          gammafunk_ghost_berserking_beasts, tgw_fedhas
Orc:1:    dreamdust_dug_too_deep, layout_caves
Orc:2:    grunt_orc_cross, layout_caves, library_closet, uniq_saint_roka,
          uniq_donald

Skill      XL: |  1  2  3  4  5  6  7  8  9 10 11 12 13 14 15 |
---------------+----------------------------------------------+-----
Fighting       | 3 4 5 6 7 8 9 11 | 11.4
Spellcasting   | 1 2 3 5 6 7 9 10 12 13 16 | 16.3
Short Blades   | 1 2 3 |  3.0
Dodging        | 2 3 5 |  5.0
Throwing       | 1 |  1.0
Conjurations   | 2 3 5 7 |  7.8
Fire Magic     | 4 7 9 10 | 10.0
Evocations     | 3 4 |  4.0
Earth Magic    | 4 7 |  7.8
Ice Magic      | 4 9 10 | 10.0
Air Magic      | 4 7 |  7.9
Polearms       | |  1.9
Stealth        | |  6.0

Action                     |  1- 3 |  4- 6 |  7- 9 | 10-12 | 13-15 | 16-18 || total
---------------------------+-------+-------+-------+-------+-------+-------++-------
  Melee: Spear             |     7 |       |       |       |       |       ||     7
         Short sword       |    47 |   133 |    29 |   122 |    44 |       ||   375
         Bite              |    18 |    49 |    79 |   118 |   152 |    32 ||   448
         Punch             |     1 |     1 |     4 |     8 |     3 |     1 ||    18
         Dagger            |       |    95 |   196 |   179 |   229 |    59 ||   758
  Throw: Javelin           |       |       |     2 |     8 |     3 |       ||    13
   Cast: Searing Ray       |       |     3 |    11 |     3 |       |       ||    17
         Sticky Flame      |       |       |    16 |   121 |    84 |    14 ||   235
         Lee's Rapid Decon |       |       |       |    21 |     3 |       ||    24
         Freezing Cloud    |       |       |       |    18 |   154 |    15 ||   187
         Fireball          |       |       |       |       |   187 |    87 ||   274
         Ozocubu's Armour  |       |       |       |       |    16 |     9 ||    25
  Evoke: Wand              |       |       |       |    15 |    14 |     3 ||    32
    Use: Scroll            |     1 |     6 |     3 |    13 |    10 |     2 ||    35
         Potion            |       |       |     1 |     2 |       |     2 ||     5
   Stab: Sleeping          |     7 |    12 |     2 |     6 |     3 |     1 ||    31
         Distracted        |       |       |     1 |       |       |       ||     1
 Armour: Leather armour    |    16 |    84 |    84 |    34 |       |       ||   218
         Robe              |       |       |       |    89 |   146 |    38 ||   273
  Dodge: Dodged            |    37 |   106 |   110 |   224 |   246 |    79 ||   802

Table legend: (Time is in decaauts)
 A = Elapsed time spent in this place.
 B = Non-inter-level travel time spent in this place.
 C = Inter-level travel time spent in this place.
 D = Time resting spent in this place.
 E = Time spent auto-exploring this place.
 F = Levels seen in this place.
 G = Mean time per level.
                   A        B        C        D        E       F      G
               +--------+--------+--------+--------+--------+-----+--------+
         Total |  34383 |  32539 |   1844 |  13105 |  13205 |  25 | 1375.3 |
       Dungeon |  20628 |  19180 |   1448 |   6092 |   9152 |  15 | 1375.2 |
        Temple |    128 |     83 |     45 |     57 |      0 |   1 |  128.0 |
          Lair |   9878 |   9592 |    286 |   4833 |   3407 |   5 | 1975.6 |
  Orcish Mines |   1482 |   1418 |     64 |    901 |    261 |   2 |  741.0 |
         Trove |     87 |     87 |      0 |      0 |      0 |   1 |   87.0 |
      Ice Cave |   2178 |   2178 |      0 |   1222 |    384 |   1 | 2178.0 |
               +--------+--------+--------+--------+--------+-----+--------+

Top non-repeatable levels by time:
  Lair:4: 2751 daAuts
    D:13: 2616 daAuts
  Lair:5: 2460 daAuts
   IceCv: 2178 daAuts
    D:14: 2071 daAuts
    D:15: 2015 daAuts
    D:11: 1779 daAuts
  Lair:1: 1757 daAuts
  Lair:2: 1625 daAuts
    D:10: 1625 daAuts
     D:8: 1400 daAuts
     D:7: 1341 daAuts
  Lair:3: 1282 daAuts
     D:4: 1147 daAuts
    D:12: 1104 daAuts
